AoeStats
← szedler

Nomad

504836332Analyzed
3v3 RM · 26d ago on Sep 6, 2026· 39m 3s· 6 players
Game mode
Random Map
Map size
210×210
Population
200
Speed
Normal
Resources
Standard
Victory
Conquest
Starting age
Dark Age
Ending age
Imperial Age
RankedLock teamsTeams togetherTeam positionsShared explorationLock speedFull tech treeHidden civsTurbo modeCheats
Victory
Defeat
🇦🇷 Spanish · Argentina
1236
+14
🇵🇪 Persians · Peru
1224
+15
🇩🇪 Turks · Germany
1157
+18
🇸🇪 Malay · Sweden
1220
-17
🇺🇸 Byzantines · United States
1198
-16
🇬🇧 Georgians · United Kingdom
1167
-14
AYD
8:49 Loom
15:46 Feudal Age
16:42 Double-Bit Axe
22:03 Castle Age
21:03 Stone Mining
21:27 Horse Collar
23:04 Town Watch
24:07 Fletching
31:39 Wheelbarrow
31:05 Bodkin Arrow
39:05 Imperial Age
mxptlic
4:47 Loom
13:10 Feudal Age
14:17 Double-Bit Axe
18:38 Castle Age
16:37 Gold Mining
19:00 Bow Saw
18:45 Crossbowman
33:53 Wheelbarrow
36:12 Fletching
37:22 Bodkin Arrow
Jersey_TitanX
5:33 Loom
14:03 Feudal Age
14:45 Double-Bit Axe
15:26 Gold Mining
21:43 Castle Age
19:50 Scale Mail Armor
20:34 Forging
21:49 Stone Mining
24:29 Medium Warships
25:43 Scale Barding Armor
33:57 Imperial Age
32:52 Bow Saw
33:43 Elite Skirmisher
35:23 Wheelbarrow
35:30 Horse Collar
36:27 Fishing Lines
38:13 Conscription
38:50 Fletching
39:00 Padded Archer Armor
Nick12
10:33 Loom
14:07 Feudal Age
17:44 Castle Age
16:56 Horse Collar
16:59 Fishing Lines
18:23 Double-Bit Axe
19:26 Gold Mining
19:51 Bow Saw
20:32 Padded Archer Armor
22:49 Leather Archer Armor
24:51 Horse Collar
33:16 Heavy Plow
34:31 Wheelbarrow
35:09 Stone Mining
35:50 Husbandry
36:00 Bloodlines
36:52 Hand Cart
42:07 Imperial Age
39:26 Town Watch
szedler
5:15 Loom
13:53 Feudal Age
19:01 Castle Age
19:47 Double-Bit Axe
22:31 Horse Collar
27:55 Wheelbarrow
30:28 Hand Cart
30:33 Gold Mining
32:13 Padded Archer Armor
34:00 Gold Shaft Mining
36:35 Imperial Age
34:46 Husbandry
34:57 Bloodlines
35:30 Scale Barding Armor
39:09 Chain Barding Armor
jona_vte_94
5:04 Loom
13:17 Feudal Age
16:07 Fletching
18:37 Castle Age
17:21 Double-Bit Axe
17:17 Horse Collar
19:02 Bodkin Arrow
26:54 Wheelbarrow
26:23 Gold Mining
26:34 Heavy Plow
32:45 Imperial Age
31:13 Forging
31:41 Scale Barding Armor
32:07 Bloodlines
32:48 Bow Saw
34:01 Conscription
33:05 Cavalier
36:45 Iron Casting
36:00 Capped Ram
37:25 Town Watch
38:27 Chain Barding Armor
Connection lost

Rejoining the realm…

Still unreachable

The connection could not be restored.

Session expired

The server has moved on; the page needs a fresh start.